 Dungeon Crawl Stone Soup version 0.29-a0-284-gf9362112df (webtiles) character file.

Game seed: 7126172253063575002

99 siradein the Insei (level 5, -7/38 HPs)
             Began as a Djinni Transmuter on Mar 31, 2022.
             Killed by divine providence
             ... invoked by an orc priest
              (11 damage)
             ... on level 3 of the Dungeon.
             The game lasted 00:03:54 (2784 turns).

siradein the Insei (Djinni Transmuter)              Turns: 2784, Time: 00:03:54

Health: -7/38      AC:  3    Str:  9    XL:     5   Next: 2%
Gold:   182        EV: 12    Int: 16    God:
                   SH:  0    Dex: 14

rFire   + + .      SeeInvis .     - Unarmed
rCold   x . .      Faith    .   (no shield)
rNeg    . . .      Spirit   .   e - +0 leather armour
rPois   ∞          Reflect  .   (helmet currently unavailable)
rElec   .          Harm     .   (no cloak)
rCorr   .          Rampage  .   (no gloves)
Will    .....                   (boots unavailable)
Stlth   +.........              (no amulet)
HPRegen 0.12/turn               j - +4 ring of slaying
MPRegen 0.00/turn               (no ring)

@: appendages, wereblooded, flying
A: horns 2, flying, sickness immunity, fire resistance 2, cold vulnerability 1,
float, innate caster, HP casting, extra vitality 1
a: End Transformation


You were on level 3 of the Dungeon.
You had temporarily grown beastly horns.
You visited 1 branch of the dungeon, and saw 3 of its levels.

You collected 182 gold pieces.

Inventory:

Armour
 e - a +0 leather armour (worn)
Jewellery
 j - a +4 ring of slaying (left hand)
Scrolls
 a - a scroll of magic mapping {unknown}
 d - a scroll of teleportation {unknown}
 f - a scroll of identify {unknown}
 h - a scroll of holy word {unknown}
 k - a scroll of brand weapon {unknown}
Potions
 b - 4 potions of lignification
 c - a potion of curing {unknown}
 g - a potion of degeneration {unknown}
 i - 2 potions of resistance {unknown}


   Skills:
 + Level 2.0 Fighting
 + Level 3.0 Dodging
 + Level 3.5 Unarmed Combat
 * Level 2.5 Spellcasting


You couldn't memorise any spells.
You knew the following spells:

 Your Spells              Type           Power      Damage    Failure   Level
a - Beastly Appendage     Tmut           20%        N/A       10%         1
b - Wereblood             Tmut           10%        N/A       14%         2
c - Spider Form           Tmut/Pois      10%        N/A       28%         3
d - Ice Form              Ice/Tmut       10%        N/A       67%         4
e - Shock                 Conj/Air       40%        1d5       10%         1
f - Poisonous Vapours     Pois/Air       20%        N/A       14%         2
Your spell library was empty.

Dungeon Overview and Level Annotations

Branches:
Dungeon (3/15)

Altars:
Dithmenos


Innate Abilities, Weirdness & Mutations

You have temporarily grown beastly horns.
You are flying.
You are immune to sickness and miasma.
You are immune to poison.
Your flesh is very heat resistant. (rF++)
You are vulnerable to cold. (rC-)
You float through the air rather than walking.
You learn spells naturally, not from books.
Your magical power is your life essence.
You have superior vitality. (+4 MHP)


Message History

An orc is nearby!
Casting: Beastly Appendage (safe; 10% risk of failure)
Confirm with . or Enter, or press ? or * to list all spells.
You grow a pair of large bovine horns.
Casting: Beastly Appendage (safe; 10% risk of failure)
Confirm with . or Enter, or press ? or * to list all spells.
Your blood is infused with primal strength.
The orc hits you from afar with a +0 trident.
The orc hits you with a +0 trident.
You are too injured to fight recklessly!
You are too injured to fight recklessly!
You are too injured to fight recklessly!
You are too injured to fight recklessly!
You are too injured to fight recklessly!
You are too injured to fight recklessly!
You closely miss the orc. Your headbutt misses the orc.
The orc hits you with a +0 trident.
You closely miss the orc. The orc barely misses you.
The orc hits you with a +0 trident.
* * * LOW HITPOINT WARNING * * *
You barely miss the orc. The orc completely misses you.
The orc barely misses you.
The orc hits you from afar with a +0 trident.
* * * LOW HITPOINT WARNING * * *
You punch the orc!
You feel a bit better.
You kill the orc!
The orc hits you but does no damage.
You hit the orc priest. You headbutt the orc priest.
The orc priest is moderately wounded.
The orc hits you from afar with a +0 trident!
* * * LOW HITPOINT WARNING * * *
The orc priest barely misses you.
You hit the orc priest.
The orc priest is heavily wounded.
You howl as the wereblood boils in your veins!
You punch the orc priest!
The orc priest is almost dead.
The orc priest invokes the aid of Beogh against you.
Beogh smites you!
You die...

#..#.# #.#.......#.#
#..#.#####.#.........##
#.....................#
#..#.#####(##.#######.####
#.<.####..................
....)#..##.###.#######.##.#
#......#......##..........#.#
#.###..#._...##########..##.#
........#....@...............#
#.# #..(#..##o##########..####
... #...####o.............#†.<
#..#...[............###.##.##
#.....############## #......
#.#.......... ####### #
#.......... o.#.####.### .o.#.
..


You could see an orc priest and an orc.

Vanquished Creatures
  3 gnolls (D:3)
  3 adders (D:2)
  2 dart slugs
  An orc (D:3)
  3 ball pythons
  7 bats
  2 endoplasms (D:1)
  2 giant cockroaches
  2 goblins (D:2)
  2 hobgoblins
  5 frilled lizards
  5 kobolds
  2 rats (D:1)
39 creatures vanquished.

Notes
Turn   | Place    | Note
-------+----------+-------------------------------------------
     0 | D:1      | siradein the Djinni Transmuter began the quest for the Orb.
     0 | D:1      | Reached XP level 1. HP: 17/17 MP: 0/0
   328 | D:1      | Reached XP level 2. HP: 21/22 MP: 0/0
   970 | D:1      | Found a faded altar of an unknown god.
  1155 | D:1      | Reached XP level 3. HP: 26/27 MP: 0/0
  1155 | D:1      | Learned a level 1 spell: Shock
  1736 | D:2      | Reached XP level 4. HP: 16/33 MP: 0/0
  2521 | D:3      | Reached XP level 5. HP: 18/38 MP: 0/0
  2521 | D:3      | Learned a level 2 spell: Poisonous Vapours
  2745 | D:3      | Found a shadowy altar of Dithmenos.
  2784 | D:3      | Killed from afar by an orc priest

Illustrated notes

Levels and vault maps discovered:
D:1:      nzn_arrival_crosshair, layout_basic,
          hellmonk_ecumenical_altar_pennies_from_heaven, kennysheep_crisscross,
          minmay_tripent
D:2:      layout_loops_ring
D:3:      layout_basic, fiery_altar_vehumet, mainiacjoe_overflow_alcove_1

Skill      XL: |  1  2  3  4 |
---------------+-------------+-----
Spellcasting   | 2 |  2.5
Dodging        | 3 |  3.0
Fighting       | 2 |  2.0
Unarmed Combat | |  3.5

Action                   |  1- 3 |  4- 6 || total
-------------------------+-------+-------++-------
Melee: Unarmed           |    58 |    37 ||    95
       Headbutt          |     9 |     3 ||    12
       Punch             |     2 |     1 ||     3
 Cast: Beastly Appendage |    16 |     8 ||    24
       Shock             |    37 |       ||    37
       Wereblood         |       |     1 ||     1
 Stab: Sleeping          |     3 |       ||     3
Armor: Robe              |     4 |       ||     4
       Leather armour    |     4 |    10 ||    14
Dodge: Dodged            |    39 |    29 ||    68

Table legend: (Time is in decaauts)
 A = Elapsed time spent in this place.
 B = Non-inter-level travel time spent in this place.
 C = Inter-level travel time spent in this place.
 D = Time resting spent in this place.
 E = Time spent auto-exploring this place.
 F = Levels seen in this place.
 G = Mean time per level.
                   A        B        C        D        E       F      G
               +--------+--------+--------+--------+--------+-----+--------+
         Total |   2777 |   2755 |     22 |      6 |   2432 |   3 |  925.7 |
       Dungeon |   2777 |   2755 |     22 |      6 |   2432 |   3 |  925.7 |
               +--------+--------+--------+--------+--------+-----+--------+

Top non-repeatable levels by time:
     D:2: 1236 daAuts
     D:1: 1217 daAuts
     D:3: 323 daAuts
